 Dungeon Crawl Stone Soup version 0.31.0-9-g3a7656b989 (webtiles) character file.

Game seed: 14770530378535859987

57 Zeor the Vexing (level 3, -2/20 HPs)
             Began as a Deep Elf Hexslinger on Jan 24, 2024.
             Succumbed to a gnoll's poison
             ... on level 2 of the Dungeon.
             The game lasted 00:02:53 (961 turns).

Zeor the Vexing (Deep Elf Hexslinger)                Turns: 961, Time: 00:02:53

Health: -2/20      AC:  3    Str:  5    XL:     3   Next: 73%
Magic:  1/8        EV: 13    Int: 19    God:
Gold:   52         SH:  0    Dex: 17    Spells: 4/6 levels left

rFire   . . .        a - +1 sling
rCold   . . .        (no shield)
rNeg    . . .        c - +0 robe
rPois   .            (no helmet)
rElec   .            (no cloak)
rCorr   .            f - +0 pair of gloves
SInv    .            (no boots)
Will    .....        (no amulet)
Stlth   ++           (no ring)
HPRegen 0.23/turn    (no ring)
MPRegen 0.11/turn

%: no passive effects
@: brilliant, lethally poisoned (-2 -> -13), weak-willed, jinxed, invisible
A: no striking features
a: no special abilities


You were on level 2 of the Dungeon.
You visited 1 branch of the dungeon, and saw 2 of its levels.

You collected 52 gold pieces.

Inventory:

Hand Weapons
 a - a +1 sling (weapon)
Armour
 c - a +0 robe (worn)
 f - a +0 pair of gloves (worn)
Scrolls
 b - a scroll of poison
 d - 4 scrolls of teleportation
 e - a scroll of fog {unknown}
Potions
 j - 2 potions of might
 l - a potion of lignification {unknown}


   Skills:
 + Level 0.9 Fighting
 + Level 4.1 Ranged Weapons
 * Level 3.1 Dodging
 + Level 0.2 Stealth
 + Level 2.4 Spellcasting
 + Level 4.4 Hexes
 + Level 1.1 Fire Magic


You had 4 spell levels left.
You knew the following spells:

 Your Spells              Type           Power      Damage    Failure   Level
j - Jinxbite              Hex            56%        N/A       4%          2

Your spell library contained the following spells:

 Spells                   Type           Power      Damage    Failure   Level
 Sigil of Binding         Hex            28%        N/A       8%          3
 Inner Flame              Hex/Fire       19%        N/A       16%         3
 Cause Fear               Hex            14%        N/A       26%         4
 Ozocubu's Armour         Ice            3%         N/A       43%         3
 Dimensional Bullseye     Hex/Tloc       8%         N/A       54%         4
 Metabolic Englaciation   Hex/Ice        8%         N/A       87%         5
 Sculpt Simulacrum        Ice/Alch       1%         N/A       100%        6


Dungeon Overview and Level Annotations

Branches:
Dungeon (2/15)

Altars:


Message History

The gnoll is severely wounded.
The gnoll closely misses you. x2
You shoot a sling bullet. The sling bullet hits the gnoll.
You kill the gnoll!
The gnoll hits you from afar with a +2 spear of venom.
You are lethally poisoned!
The gnoll closely misses you.
Unknown command.
It was a potion of curing.
You feel better.
The gnoll hits you from afar with a +2 spear of venom!
Casting: Jinxbite (safe; 4% risk of failure)
Confirm with . or Enter, or press ? or * to list all spells.
You beckon more vexing sprites to accompany your attacks.
You feel your willpower being sapped.
The dart slug briefly extends its eye-stalks.
The gnoll hits you from afar with a +2 spear of venom.
You are poisoned.
Fire: a) +1 sling
Press: ? - help, Q - select action, (/) - cycle Shift-Dir - straight line, f - gnoll
Aim: a gnoll, wielding a +2 spear of venom (chance to call a sprite on attack: 61%, 64% to hit)
You shoot a sling bullet. The sling bullet hits the gnoll.
The gnoll is moderately wounded.
A giggling sprite leaps out and makes the gnoll trip over its own feet.
The gnoll is severely wounded.
You feel very sick. The gnoll barely misses you.
The dart slug briefly extends its eye-stalks.
The dart slug launches a dart at you. The slug dart hits you.
* * * LOW HITPOINT WARNING * * *
It was a potion of brilliance.
You feel clever all of a sudden.
* * * LOW HITPOINT WARNING * * *
You feel sick. The gnoll hits you but does no damage.
You are more poisoned.
The frilled lizard bites you.
* * * LOW HITPOINT WARNING * * *
It was a potion of invisibility.
You fade into invisibility!
You die...

∙[∙∙∙∙∙∙∙∙∙▒∙∙∙∙∙∙∙∙▒▒∙∙∙∙∙∙∙∙∙
∙∙∙∙∙∙∙∙∙∙∙∙∙▒∙∙∙∙▒∙▒▒∙∙∙∙∙∙∙∙∙
)∙∙∙∙∙∙▒▒∙∙∙∙∙∙∙∙∙▒∙∙∙∙∙∙∙∙∙∙∙∙
∙∙∙∙∙∙▒▒▒∙▒▒∙∙∙∙∙∙∙∙∙∙∙∙∙∙∙∙∙∙▒
∙∙∙∙∙∙∙∙∙∙∙∙∙∙∙∙∙)∙∙)∙∙∙∙∙∙∙▒▒▒
▒▒▒∙∙▒▒▒▒▒∙∙∙∙∙∙∙∙▒>∙∙∙∙∙∙▒∙∙
∙∙▒▒▒∙∙∙∙gw∙∙∙∙∙∙∙∙∙∙ ∙▒
▒∙∙Sl)▒∙∙∙∙∙ ▒∙∙ew∙∙∙∙∙∙∙
▒∙∙▒∙▒∙∙∙∙>∙∙ ▒∙▒∙∙∙∙∙▒▒▒∙∙
∙∙∙∙∙∙∙∙▒▒ ∙∙∙▒∙∙▒▒∙∙ ∙∙∙∙∙∙▒
▒▒∙


∙∙∙∙∙$ ∙∙ ∙∙∙∙ ▒∙ You could see a gnoll (unable to see you, very drained), 2
dart slugs, a ball python (unable to see you) and a frilled lizard (unable to
see you).

Vanquished Creatures
  3 gnolls (D:2)
  A dart slug (D:1)
  3 ball pythons
  An endoplasm (D:1)
  A giant cockroach (D:1)
  4 goblins
  2 hobgoblins (D:2)
  5 bats
  4 kobolds
  3 rats
27 creatures vanquished.

Notes
Turn   | Place    | Note
-------+----------+-------------------------------------------
     0 | D:1      | Zeor the Deep Elf Hexslinger began the quest for the Orb.
     0 | D:1      | Reached XP level 1. HP: 11/11 MP: 5/5
   176 | D:1      | Reached XP level 2. HP: 16/16 MP: 6/6
   179 | D:1      | Learned a level 2 spell: Jinxbite
   803 | D:2      | Found a faded altar of an unknown god.
   947 | D:2      | Reached XP level 3. HP: 16/20 MP: 5/8
   960 | D:2      | HP: 1/20 [frilled lizard (2)]
   961 | D:2      | Succumbed to a gnoll's poison

Illustrated notes

Levels and vault maps discovered:
D:1:      dpeg_arrival_windows_large_door, layout_rooms, nicolae_hexahallways
D:2:      layout_rooms, hellmonk_ecumenical_altar_leap_of_faith

Skill      XL: |  1  2  3 |
---------------+----------+-----
Ranged Weapons | 3 4 |  4.1
Spellcasting   | 2 |  2.4
Dodging        | 3 |  3.1
Fighting       | |  0.9
Stealth        | |  0.2
Hexes          | |  4.4
Fire Magic     | |  1.1

Action                     || total
---------------------------++-------
   Fire: Sling             ||    57
   Cast: Jinxbite          ||    10
    Use: Scroll            ||     5
         Potion            ||     3
 Armour: Robe              ||    15
  Dodge: Dodged            ||    18
